 Dungeon Crawl Stone Soup version 0.26.1-11-gd32895ea62 (webtiles) character file.

Game seed: 1785754569320553482

1963 solopath the Geomancer (level 9, -12/57 HPs)
             Began as a Formicid Earth Elementalist on May 9, 2021.
             Was a Priest of Okawaru.
             Mangled by a boulder beetle (63 damage)
             ... on level 7 of the Dungeon.
             The game lasted 00:14:20 (7916 turns).

solopath the Geomancer (FoEE)                       Turns: 7916, Time: 00:14:21

Health: -12/57     AC:  6    Str: 12    XL:     9   Next: 42%
Magic:  25/25      EV: 12    Int: 19    God:    Okawaru [***...]
Gold:   314        SH:  5    Dex: 11    Spells: 10/17 levels left

rFire    x . .     SeeInvis +   y - +3 dagger (elec)
rCold    + . .     Faith    .   (no shield)
rNeg     . . .     Spirit   .   c - +1 robe
rPois    .         Reflect  +   (helmet unavailable)
rElec    .         Harm     .   (no cloak)
rCorr    .         Rampage  .   m - +2 pair of gloves
Will     .....                  (no boots)
Stlth    +++.......             e - amulet of reflection
HPRegen  0.19/turn              d - ring of ice
MPRegen  0.19/turn              o - ring of magical power

@: no status effects
A: permanent stasis, dig shafts and tunnels, four strong arms, antennae 3
a: Dig, Shaft Self, Renounce Religion, Heroism


You were on level 7 of the Dungeon.
You worshipped Okawaru.
Okawaru was most pleased with you.
You visited 2 branches of the dungeon, and saw 8 of its levels.

You collected 314 gold pieces.

Inventory:

Hand Weapons
 k - a +0 falchion
 y - a +3 dagger of electrocution (weapon)
 C - the +11 war axe of True Grit {vorpal, rC++}
   (You found it on level 6 of the Dungeon)

   It inflicts extra damage upon your enemies.
   It greatly protects you from cold.
Missiles
 b - 131 stones
Armour
 c - a +1 robe (worn)
 m - a +2 pair of gloves (worn)
 s - a scarf of shadows
Magical Staves
 r - an uncursed staff of death
Jewellery
 d - a ring of ice (left hand)
 e - an amulet of reflection (around neck)
 f - an uncursed amulet of the acrobat
 o - a ring of magical power (right hand)
 B - an uncursed ring of magical power
 D - an uncursed ring of magical power
Wands
 g - a wand of digging (3)
 A - a wand of random effects (21)
Scrolls
 h - 2 scrolls of identify
 i - 2 scrolls of enchant armour
 l - a scroll of enchant weapon
 p - 4 scrolls of teleportation
 w - 2 scrolls of remove curse
Potions
 a - a potion of attraction
 j - a potion of resistance {unknown}
 n - a potion of heal wounds
 q - 2 potions of might {unknown}
 t - a potion of berserk rage {unknown}
 u - 4 potions of curing
 v - 2 potions of mutation {unknown}
 x - a potion of brilliance {unknown}
 z - 2 potions of lignification


   Skills:
 + Level 0.1 Fighting
 + Level 4.8 Long Blades
 - Level 1.7 Dodging
 - Level 5.3 Stealth
 + Level 4.8 Spellcasting
 - Level 3.2 Transmutations
 * Level 9.7 Earth Magic
 - Level 4.1 Invocations


You had 10 spell levels left.
You knew the following spells:

 Your Spells              Type           Power        Failure   Level
a - Sandblast             Erth           82%          1%          1
b - Passwall              Tmut/Erth      24%          1%          2
c - Petrify               Tmut/Erth      29%          9%          4

Your spell library contained the following spells:

 Spells                   Type           Power        Failure   Level
 Stone Arrow              Conj/Erth      46%          5%          3
 Lee's Rapid Deconstruct  Erth           20%          6%          5
 Confusing Touch          Hex            4%           36%         3
 Gell's Gravitas          Tloc           2%           36%         3
 Yara's Violent Unravell  Hex/Tmut       5%           87%         5
 Metabolic Englaciation   Hex/Ice        3%           98%         5


Dungeon Overview and Level Annotations

Branches:
Dungeon (7/15)             Temple (1/1) D:6

Altars:
Ashenzari
Cheibriados
Dithmenos
Elyvilon
Gozag
Hepliaklqana
Kikubaaqudgha
Makhleb
Nemelex Xobeh
Okawaru
Qazlal
Sif Muna
Trog
Uskayaw
Vehumet
Wu Jian
Yredelemnul
Zin
The Shining One


Innate Abilities, Weirdness & Mutations

You cannot be hasted, slowed, berserked, paralysed or teleported.
You can dig through walls and to a lower floor.
Your four strong arms can wield two-handed weapons with a shield.
You have a pair of large antennae on your head. (SInv)


Message History

Confirm with . or Enter, or press ? or * to list all spells.
Aiming: Sandblast (safe; 1% risk of failure)
Press: ? - help, Shift-Dir - straight line, f - gnoll
Aim: a gnoll, wielding a +0 spear (15% to evade)
The blast of sand hits the gnoll!
The gnoll is severely wounded.
The gnoll hits you from afar with a +0 spear.
The gnoll hits you with a +0 spear.
A boulder beetle comes into view.
You closely miss the gnoll.
The gnoll is severely wounded.
The gnoll misses you.
You hit the gnoll. Lightning courses through the gnoll!
You kill the gnoll!
Okawaru accepts your kill.
The boulder beetle curls into a ball and begins rolling!
You see here a +0 spear.
The boulder beetle hits you!!!
Ouch! That really hurt!
You die...

.#. #........ . #
##..#.....###..........
###..#...
#...#..........
#.......# .............
........## ##....÷.#...
#.#......###...#....# #
##.......##...÷<.#
####............B°###...
............†.).@.°.....
.........#..............
........##..............
.....##..............###
.....##..............#
.....##..............#
.###..$..............#
.# #.................#
.# #......


You could see a boulder beetle.

Vanquished Creatures
  Sigmund (D:3)
  Edmund (D:5)
  An ice beast (D:6)
  A phantom (D:7)
  2 sky beasts (D:6)
  3 ogres
  2 howler monkeys (D:7)
  A jelly (D:6)
  3 orc priests
  3 hounds
  An iguana (D:4)
  An iron imp (D:6)
  10 orc wizards
  Jessica (D:3)
  4 worker ants
  A killer bee zombie (D:5)
  A hound zombie (D:7)
  Robin (D:3)
  7 gnolls
  A howler monkey skeleton (D:4)
  10 adders
  2 oozes
  2 worms (D:3)
  A dart slug (D:3)
  3 leopard geckos
  21 orcs
  5 giant cockroaches
  14 goblins
  18 hobgoblins
  9 jackals
  A quokka (D:5)
  4 bats
  7 frilled lizards
  15 kobolds
  4 rats
162 creatures vanquished.

Notes
Turn   | Place    | Note
-------+----------+-------------------------------------------
     0 | D:1      | solopath the Formicid Earth Elementalist began the quest
                  | for the Orb.
     0 | D:1      | Reached XP level 1. HP: 13/13 MP: 3/3
   377 | D:1      | Reached XP level 2. HP: 19/19 MP: 5/5
   412 | D:1      | Reached skill level 4 in Earth Magic
   445 | D:1      | Learned a level 2 spell: Passwall
   493 | D:1      | Found an iron altar of Okawaru.
   533 | D:1      | Became a worshipper of Warmaster Okawaru
  1010 | D:1      | Reached XP level 3. HP: 24/24 MP: 6/6
  1546 | D:2      | Found a burning altar of Makhleb.
  1547 | D:2      | Noticed a green death
  1604 | D:2      | Reached XP level 4. HP: 24/30 MP: 7/7
  1903 | D:2      | Found a radiant altar of Vehumet.
  2575 | D:3      | Reached skill level 1 in Long Blades
  2951 | D:3      | Noticed Sigmund
  2971 | D:3      | Killed Sigmund
  2972 | D:3      | Reached skill level 5 in Earth Magic
  2972 | D:3      | Reached XP level 5. HP: 30/35 MP: 8/8
  2972 | D:3      | Reached XP level 6. HP: 35/41 MP: 9/9
  3064 | D:3      | Reached * piety under Okawaru
  3275 | D:3      | Found an ancient bone altar of Kikubaaqudgha.
  3281 | D:3      | Learned a level 4 spell: Petrify
  3309 | D:3      | Reached skill level 6 in Earth Magic
  3392 | D:3      | Noticed Robin
  3437 | D:3      | Killed Robin
  3654 | D:3      | Noticed Jessica
  3673 | D:3      | Killed Jessica
  3981 | D:3      | Reached XP level 7. HP: 39/46 MP: 10/10
  4300 | D:3      | Found a bloodstained altar of Trog.
  4755 | D:4      | Reached skill level 5 in Stealth
  4755 | D:4      | Reached skill level 7 in Earth Magic
  5140 | D:4      | Reached XP level 8. HP: 26/52 MP: 12/12
  5521 | D:4      | You fall into a shaft and drop 1 floor!
  5521 | D:5      | Entered Level 5 of the Dungeon
  5525 | D:5      | Noticed Edmund
  5550 | D:5      | Reached ** piety under Okawaru
  5623 | D:4      | Reached skill level 1 in Invocations
  5916 | D:5      | Killed Edmund
  5917 | D:5      | Reached skill level 8 in Earth Magic
  6562 | D:6      | Found a snail-covered altar of Cheibriados.
  6696 | D:6      | Found a staircase to the Ecumenical Temple.
  6705 | Temple   | Entered the Ecumenical Temple
  6931 | D:6      | Reached XP level 9. HP: 38/57 MP: 15/15
  6935 | D:6      | Got a scorched war axe
  6936 | D:6      | Identified the +11 war axe of True Grit {vorpal, rC++} (You
                  | found it on level 6 of the Dungeon)
  7157 | D:6      | Reached skill level 9 in Earth Magic
  7459 | D:6      | Reached *** piety under Okawaru
  7911 | D:7      | Noticed a boulder beetle
  7916 | D:7      | Mangled by a boulder beetle

Illustrated notes

Levels and vault maps discovered:
D:1:      giann_forest_graveyard, layout_loops_ring,
          chequers_serial_rivers_micro_d, okawaru_ov_weapons_minmay
D:2:      layout_basic, lemuel_crystal_altar, makhleb_altar_promises_db
D:3:      layout_rooms, lightli_temple_of_fire, nicolae_overflow_hidden_temple,
          uniq_robin, uniq_jessica, uniq_sigmund
D:4:      layout_rooms, serial_park_tiny_pond
D:5:      layout_loops_ring, uniq_edmund
D:6:      layout_loops_ring, slow_altar_1, minmay_temple_entry_mist,
          fountainhead
D:7:      layout_cave_pools, general_overflow_altar
Temple:   dshaligram_water_room_temple

Skill      XL: |  1  2  3  4  5  6  7  8  9 |
---------------+----------------------------+-----
Earth Magic    | 4 5 6 7 8 9 |  9.7
Stealth        | 3 4 5 |  5.3
Transmutations | 2 3 |  3.2
Long Blades    | 1 2 3 4 |  4.8
Spellcasting   | 3 4 |  4.8
Invocations    | 2 4 |  4.1
Fighting       | |  0.1
Dodging        | |  1.7

Action                   |  1- 3 |  4- 6 |  7- 9 || total
-------------------------+-------+-------+-------++-------
Melee: Dagger            |    25 |       |   121 ||   146
       Unarmed           |     1 |       |       ||     1
       Short sword       |    52 |   148 |    58 ||   258
       War axe           |       |       |    22 ||    22
 Cast: Sandblast         |    16 |    40 |    76 ||   132
       Passwall          |     4 |       |     2 ||     6
       Petrify           |       |       |     3 ||     3
Invok: Heroism           |       |     1 |     1 ||     2
 Abil: Dig               |       |     1 |       ||     1
  Use: Scroll            |     1 |       |    10 ||    11
       Potion            |       |     4 |       ||     4
 Stab: Sleeping          |    10 |     3 |    10 ||    23
       Petrified         |       |       |     2 ||     2
Armor: Robe              |    11 |    44 |    39 ||    94
Dodge: Dodged            |    69 |   118 |   130 ||   317
Block: Other             |       |       |    31 ||    31
